 Dungeon Crawl Stone Soup version 0.29.0-15-g675c0067aa (webtiles) character file.

Game seed: 2997827760080927984

38 qw the Sneak (level 3, 0/23 HPs)
             Began as a Gargoyle Delver on Sept 11, 2022.
             Slain by a hobgoblin (4 damage)
             ... on level 4 of the Dungeon.
             The game lasted 00:00:05 (135 turns).

qw the Sneak (Gargoyle Delver)                       Turns: 135, Time: 00:00:05

Health: 0/23       AC:  6    Str: 17    XL:     3   Next: 43%
Magic:  3/3        EV: 11    Int: 10    God:
Gold:   6          SH:  0    Dex: 11    Spells: 2/2 levels left

rFire   . . .      SeeInvis .   a - +0 hand axe
rCold   . . .      Faith    .   (no shield)
rNeg    + . .      Spirit   .   b - +0 leather armour
rPois   inf        Reflect  .   (no helmet)
rElec   +          Harm     .   (no cloak)
rCorr   .          Rampage  .   (no gloves)
Will    .....                   (no boots)
Stlth   +++.......              (no amulet)
HPRegen 0.07/turn               (no ring)
MPRegen 0.08/turn               (no ring)

@: no status effects
A: sickness immunity, AC +3, negative energy resistance 1, electricity
resistance, torment resistance 1, petrification resistance
a: no special abilities


You were on level 4 of the Dungeon.
You visited 1 branch of the dungeon, and saw 2 of its levels.

You collected 6 gold pieces.


Innate Abilities, Weirdness & Mutations

You are immune to sickness and miasma.
Your stone body is resilient. (AC +3)
You are immune to poison.
You resist negative energy. (rN+)
You are resistant to electric shocks. (rElec)
You are resistant to unholy torment.
You are immune to petrification.


   Skills:
 - Level 3.2 Fighting
 + Level 3.4 Axes
 - Level 1.5 Dodging
 - Level 5.4 Stealth


You had 2 spell levels left.
You didn't know any spells.
Your spell library was empty.

Inventory:

Hand Weapons
 a - a +0 hand axe (weapon)
Armour
 b - a +0 leather armour (worn)
Jewellery
 c - a +6 ring of strength
Wands
 g - a wand of digging (3)
Potions
 f - a potion of haste

Dungeon Overview and Level Annotations

Branches:
Dungeon (5/15)
 Temple: D:4-7

Altars:
Okawaru

Portals:
Ossuary: D:5


Message History

The howler monkey hits you.
You barely miss the howler monkey.
The howler monkey hoots and howls with incredible vigour!
The howler monkey hits you but does no damage.
You hear an angry growl.
You hear an angry buzzing noise.
You hear a shout!
You hit the howler monkey.
The howler monkey is lightly wounded.
The howler monkey completely misses you.
You barely miss the howler monkey.
The howler monkey is lightly wounded.
The howler monkey barely misses you.
You hit the howler monkey.
The howler monkey is moderately wounded.
The howler monkey hits you but does no damage.
The howler monkey hits you.
You hit the howler monkey.
The howler monkey is heavily wounded.
The howler monkey hoots and howls with incredible vigour!
You hear an angry hiss.
You hear a shout!
You hit the howler monkey.
The howler monkey is severely wounded.
The howler monkey hits you. x2
You hit the howler monkey.
The howler monkey is almost dead.
The howler monkey barely misses you.
You hit the howler monkey.
You kill the howler monkey!
Your Axes skill increases to level 3!
You have reached level 2!
You have reached level 3!
Your experience leads to an increase in your attributes!
Increase (S)trength, (I)ntelligence, or (D)exterity?
You feel stronger. x2
You start resting.
A hobgoblin comes into view.
You start resting.
A hobgoblin is nearby!
You hit the hobgoblin.
The hobgoblin is almost dead.
The hobgoblin hits you.
You die...

#.#.#..#
#......#
#.....#
#.....#
#.....#
#.....#
##....>#
.########
#......#
.......@####
#.#).###
....###.g..#
#.....# #
####.###.....#
#.........#
#..##.......#
#..##.....###
#..##.......#
#..#.....##>#
#.##.##...#..


You could see a hobgoblin.

Vanquished Creatures
  A howler monkey (D:4)
  A goblin (D:4)
  A kobold (D:4)
3 creatures vanquished.

Notes
Turn   | Place    | Note
-------+----------+-------------------------------------------
     0 | D:5      | qw the Gargoyle Delver began the quest for the Orb.
     0 | D:5      | Reached XP level 1. HP: 14/14 MP: 1/1
     0 | D:5      | 0 ||| qw: Version: 0.1-a-117-gfe26ee0
     0 | D:5      | 0 ||| qw: Game counter: 10158
     0 | D:5      | 0 ||| qw: Always use a shield: true
     0 | D:5      | 0 ||| qw: God list: Okawaru
     0 | D:5      | 0 ||| qw: Allow faded altars: false
     0 | D:5      | 0 ||| qw: Do Orc after D:15 true
     0 | D:5      | 0 ||| qw: Do second Lair branch before Depths: true
     0 | D:5      | 0 ||| qw: Lair rune preference: random
     0 | D:5      | 0 ||| qw: Plans: Normal
     0 | D:5      | 0 ||| PLANNING D:1-11
    31 | D:5      | Found a sand-covered staircase.
    32 | D:5      | 32 ||| DROPPING scroll of fog.
    33 | D:5      | 33 ||| DROPPING scroll of magic mapping.
    34 | D:5      | 34 ||| DROPPING scroll of fear.
    40 | D:4      | Found an iron altar of Okawaru.
    47 | D:4      | 47 ||| Stepping ~*~*~tactically~*~*~ (stealth).
    49 | D:4      | 49 ||| Stepping ~*~*~tactically~*~*~ (stealth).
    59 | D:4      | 59 ||| Stepping ~*~*~tactically~*~*~ (stealth).
    86 | D:4      | Noticed a howler monkey
    97 | D:4      | HP: 1/14 [howler monkey (3)]
    99 | D:4      | Killed a howler monkey
   100 | D:4      | Reached skill level 3 in Axes
   100 | D:4      | Reached XP level 2. HP: 1/19 MP: 2/2
   100 | D:4      | Reached XP level 3. HP: 1/23 MP: 3/3
   135 | D:4      | Slain by a hobgoblin

Levels and vault maps discovered:
D:4:      layout_rooms, lemuel_crystal_altar, kennysheep_little_box,
          gammafunk_temple_overflow_arena
D:5:      layout_rooms, enter_ossuary_1, minmay_diced_spiral,
          uniq_blork_the_orc, uniq_edmund, uniq_ijyb

Skill      XL: |  1 |
---------------+----+-----
Axes           | 3 |  3.4
Fighting       | |  3.2
Dodging        | |  1.5
Stealth        | |  5.4

Action                   || total
-------------------------++-------
Melee: Hand axe          ||    14
Armor: Leather armour    ||     5
Dodge: Dodged            ||     7

Table legend:
 A = Non-vault XP
 B = Vault XP
 C = Vault XP percentage of total XP
 D = Non-vault monster count
 E = Vault monster count
 F = Vault count percentage of total count
                 A         B        C        D         E       F
            +---------+---------+-------+---------+---------+-------
      Total |      55 |       0 |   0.0 |       3 |       0 |   0.0
            +---------+---------+-------+---------+---------+-------
        D:4 |      55 |       0 |   0.0 |       3 |       0 |   0.0
            +---------+---------+-------+---------+---------+-------
